 Dungeon Crawl Stone Soup version 0.29.1-15-g9cfb28693d (webtiles) character file.

Game seed: 13081981582643193819

590 hawla the Chiller (level 7, -1/52 HPs)
             Began as a Meteoran Ice Elementalist on Apr 23, 2023.
             Slain by a wyvern zombie (6 damage)
             ... on level 5 of the Dungeon.
             The game lasted 00:07:57 (2017 turns).

hawla the Chiller (Meteoran Ice Elementalist)       Turns: 2017, Time: 00:07:58

Health: -1/52      AC:  4    Str:  9    XL:     7   Next: 99%
Magic:  24/24      EV: 13    Int: 20    God:
Gold:   231        SH:  0    Dex: 12    Spells: 7/15 levels left

rFire   . . .      SeeInvis .   d - +0 long sword
rCold   . . .      Faith    .   (no shield)
rNeg    . . .      Spirit   .   a - +0 robe
rPois   .          Reflect  .   (helmet restricted)
rElec   .          Harm     .   r - +0 cloak
rCorr   .          Rampage  .   l - +0 pair of gloves
Will    +....                   (no boots)
Stlth   +.........              (no amulet)
HPRegen 0.17/turn               f - ring of magical power
MPRegen 0.19/turn               (no ring)

@: glowing
A: sense surroundings 1, otherworldly, glowing, explore regen, horns 1, clumsy
1, strong-willed 1
a: no special abilities


You were on level 5 of the Dungeon.
You visited 1 branch of the dungeon, and saw 5 of its levels.
You also visited: Sewer.

You collected 231 gold pieces.

Inventory:

Hand Weapons
 d - a +0 long sword (weapon)
Armour
 a - a +0 robe (worn)
 l - a +0 pair of gloves (worn)
 r - a +0 cloak (worn)
Jewellery
 f - a ring of magical power (left hand)
 p - a ring of willpower
Wands
 o - a wand of charming (10)
 u - a wand of roots (10)
Scrolls
 c - 3 scrolls of identify
 e - a scroll of amnesia
 i - 2 scrolls of poison {unknown}
 j - 2 scrolls of enchant armour {unknown}
 k - 2 scrolls of blinking
 n - 3 scrolls of enchant weapon {unknown}
 q - a scroll of silence {unknown}
 v - 2 scrolls of magic mapping {unknown}
Potions
 b - a potion of magic
 m - a potion of haste {unknown}
 s - a potion of brilliance {unknown}
 t - a potion of resistance


   Skills:
 + Level 1.1 Fighting
 + Level 3.5 Long Blades
 + Level 3.6 Dodging
 - Level 1.4 Stealth
 + Level 4.7 Spellcasting
 + Level 5.1 Conjurations
 + Level 5.7 Ice Magic


You had 7 spell levels left.
You knew the following spells:

 Your Spells              Type           Power      Damage    Failure   Level
a - Freeze                Ice            100%       1d11      1%          1
b - Frozen Ramparts       Ice            54%        1d9       3%          3
c - Hailstorm             Conj/Ice       26%        3d7       13%         4

Your spell library contained the following spells:

 Spells                   Type           Power      Damage    Failure   Level
 Magic Dart               Conj           100%       1d8       1%          1
 Ozocubu's Armour         Ice            27%        N/A       3%          3
 Call Imp                 Summ           4%         N/A       19%         2
 Mephitic Cloud           Conj/Pois/Air  11%        N/A       19%         3
 Alistair's Intoxication  Tmut/Pois      2%         N/A       97%         5
 Borgnjor's Vile Clutch   Necr/Erth      2%         N/A       97%         5
 Eringya's Noxious Bog    Tmut/Pois      2%         N/A       100%        6


Dungeon Overview and Level Annotations

Branches:
Dungeon (5/15) Zot: 1231    Sewer (visited)
 Temple: D:4-7

Altars:
Ashenzari
Okawaru
Xom


Innate Abilities, Weirdness & Mutations

You passively map a small area around you.
You are easily found by Zot.
You glow in the dark.
You regain HP and MP as you explore.
You have a pair of small horns on your head.
You are clumsy. (Dex -2)
You are strong-willed. (Will+)


Message History

The bullfrog zombie is severely damaged.
The bullfrog zombie hits you. x2
You barely miss the bullfrog zombie.
The bullfrog zombie is severely damaged.
The bullfrog zombie hits you.
You slash the bullfrog zombie!
You destroy the bullfrog zombie!
No target in view!
No target in view!
Magic restored.
A wyvern zombie comes into view.
You hit the wyvern zombie but do no damage.
The wyvern zombie bites you. The wyvern zombie barely misses you.
You hit the wyvern zombie.
The wyvern zombie is lightly damaged.
The wyvern zombie barely misses you.
You completely miss the wyvern zombie.
The wyvern zombie is lightly damaged.
The wyvern zombie closely misses you. The wyvern zombie bites you!
You hit the wyvern zombie but do no damage.
The wyvern zombie is lightly damaged.
The wyvern zombie bites you!
You are too injured to fight recklessly!
You are too injured to fight recklessly!
You are too injured to fight recklessly!
Casting: Freeze (safe; 1% risk of failure)
Confirm with . or Enter, or press ? or * to list all spells.
Aiming: Freeze (safe; 1% risk of failure)
Press: ? - help, Shift-Dir - straight line, f - wyvern zombie
Aim: a wyvern zombie (lightly damaged)
You freeze the wyvern zombie.
The wyvern zombie resists.
The wyvern zombie is lightly damaged.
The wyvern zombie closely misses you. The wyvern zombie bites you!
* * * LOW HITPOINT WARNING * * *
It was a potion of mutation.
You feel extremely strange. A pair of horns grows on your head!
You feel strong-willed.
You feel clumsy. The wyvern zombie closely misses you.
It was a potion of cancellation.
You feel magically purged. The wyvern zombie bites you.
You die...

...........#.## ,
..............,*
##### ,,
............#
....## ...........#
,.....##
.####.....##
,......# .#,
##....######
....... ##_,
#..#..#...♣♣.......
* * #
+..##..♣.♣.♣.......
## ⌠#####.♣...♣@.♣,
, * .# *
#.♣.♣♣♣♣♣Z♣ , , *
.# #..♣♣ , *♣.. ##
#♣♣ _ ♣♣.. # * , *
, ,,,... # , * ,* ,
.. # , . , # , * *
# * , , *


You could see a wyvern zombie.

Vanquished Creatures
  Eustachio (D:4)
  2 bullfrogs (Sewer)
  A scorpion (D:4)
  A bullfrog zombie (D:5)
  Natasha (thrice) (D:4)
  4 adders
  A river rat (D:4)
  An ufetubus (D:4)
  2 worms
  3 dart slugs
  An orc (D:3)
  8 endoplasms
  12 giant cockroaches
  5 goblins
  4 hobgoblins
  10 kobolds
  10 quokkas
  9 ball pythons
  2 bats (D:2)
  10 frilled lizards
  2 rats
92 creatures vanquished.

Notes
Turn   | Place    | Note
-------+----------+-------------------------------------------
     0 | D:1      | hawla the Meteoran Ice Elementalist began the quest for the
                  | Orb.
     0 | D:1      | Reached XP level 1. HP: 14/14 MP: 5/5
   109 | D:1      | Reached XP level 2. HP: 20/20 MP: 6/6
   220 | D:1      | Reached XP level 3. HP: 25/26 MP: 8/8
   330 | D:2      | Reached skill level 1 in Long Blades
   336 | D:2      | Reached skill level 5 in Ice Magic
   556 | D:3      | Reached XP level 4. HP: 27/33 MP: 9/9
   562 | D:3      | Learned a level 3 spell: Frozen Ramparts
   574 | D:3      | Found an iron altar of Okawaru.
   590 | D:3      | Found a shimmering altar of Xom.
   680 | D:4      | Found a glowing drain.
   724 | Sewer    | Entered a sewer
   730 | Sewer    | Reached XP level 5. HP: 37/39 MP: 10/10
   735 | Sewer    | Learned a level 4 spell: Hailstorm
   792 | Sewer    | Reached skill level 1 in Conjurations
   981 | Sewer    | Noticed a bullfrog
   981 | Sewer    | Noticed a bullfrog
   993 | Sewer    | Killed a bullfrog
   994 | Sewer    | Reached XP level 6. HP: 19/46 MP: 11/11
  1177 | D:4      | Noticed Natasha
  1180 | D:4      | Reached skill level 5 in Conjurations
  1180 | D:4      | Reached XP level 7. HP: 35/51 MP: 12/12
  1183 | D:4      | Killed Natasha
  1212 | D:4      | Noticed Eustachio
  1226 | D:4      | Killed Eustachio
  1227 | D:4      | Reached skill level 1 in Fighting
  1442 | D:4      | Noticed Natasha
  1447 | D:4      | Killed Natasha
  1464 | D:4      | Noticed Natasha
  1470 | D:4      | Killed Natasha
  1758 | D:4      | Found a broken altar of Ashenzari.
  1971 | D:5      | Entered Level 5 of the Dungeon
  2016 | D:5      | Gained mutation: You have a pair of small horns on your
                  | head. [potion of mutation]
  2016 | D:5      | Gained mutation: You are strong-willed. (Will+) [potion of
                  | mutation]
  2016 | D:5      | Gained mutation: You are clumsy. (Dex -2) [potion of
                  | mutation]
  2017 | D:5      | Slain by a wyvern zombie

Illustrated notes

Levels and vault maps discovered:
D:1:      psy_arrival_dodecagon, layout_loops_ring, serial_shops, shop
D:2:      layout_basic, ebering_ecumenical_altar_webs,
          nicolae_figureground_sparkle
D:3:      layout_basic, okawaru_trees_1, nicolae_wu_jian_glorious_leap,
          xom_butterflies, lemuel_doored_altar
D:4:      layout_layer_cave, lemuel_tele_altar, portal_sewer_entry_a,
          uniq_natasha, uniq_eustachio
D:5:      layout_cave_pods, nicolae_yredelemnul_corpse_copse,
          gammafunk_temple_overflow_statue, minmay_hedge_maze

Skill      XL: |  1  2  3  4  5  6  7 |
---------------+----------------------+-----
Long Blades    | 1 2 3 |  3.5
Ice Magic      | 5 |  5.7
Dodging        | 3 |  3.6
Spellcasting   | 3 4 |  4.7
Conjurations   | 3 5 |  5.1
Fighting       | 1 |  1.1
Stealth        | |  1.4

Action                   |  1- 3 |  4- 6 |  7- 9 || total
-------------------------+-------+-------+-------++-------
Melee: Long sword        |    80 |    71 |    19 ||   170
       Punch             |     2 |       |       ||     2
 Cast: Freeze            |     6 |    20 |    19 ||    45
       Frozen Ramparts   |       |    12 |     8 ||    20
       Hailstorm         |       |       |     4 ||     4
  Use: Scroll            |     1 |       |       ||     1
       Potion            |       |     2 |     2 ||     4
Armor: Robe              |    20 |    43 |     8 ||    71
Dodge: Dodged            |    62 |    65 |    23 ||   150
